 Dungeon Crawl Stone Soup version 0.29.0-4-gdea44cf6ec (webtiles) character file.

Game seed: 14251326010689930811

51 qw the Chopper (level 3, -1/21 HPs)
             Began as a Tengu Warper on Aug 28, 2022.
             Slain by a gnoll
             ... wielding a +0 whip
              (4 damage)
             ... on level 2 of the Dungeon.
             The game lasted 00:00:09 (1284 turns).

qw the Chopper (Tengu Warper)                       Turns: 1284, Time: 00:00:10

Health: -1/21      AC:  6    Str: 13    XL:     3   Next: 81%
Magic:  7/7        EV: 11    Int: 13    God:
Gold:   77         SH:  0    Dex: 13    Spells: 6/6 levels left

rFire   + . .      SeeInvis .   Y - +0 hand axe
rCold   . . .      Faith    .   (no shield)
rNeg    . . .      Spirit   .   e - +0 ring mail {rF+}
rPois   .          Reflect  .   (helmet restricted)
rElec   .          Harm     .   (no cloak)
rCorr   .          Rampage  .   i - +0 pair of gloves
Will    +....                   (boots unavailable)
Stlth   +.........              (no amulet)
HPRegen 0.07/turn               h - ring of willpower
MPRegen 0.10/turn               (no ring)

@: no status effects
A: beak, talons 3
a: no special abilities


You were on level 2 of the Dungeon.
You visited 1 branch of the dungeon, and saw 2 of its levels.

You collected 77 gold pieces.


Innate Abilities, Weirdness & Mutations

You have a beak for a mouth.
You have claws for feet.


   Skills:
 - Level 2.0 Fighting
 + Level 4.4 Axes
 - Level 1.0 Throwing
 - Level 1.1 Armour
 - Level 2.1 Dodging
 - Level 2.0 Spellcasting
 - Level 2.4 Translocations


You had 6 spell levels left.
You didn't know any spells.
Your spell library contained the following spells:

 Spells                   Type           Power      Damage    Failure   Level
 Blink                    Tloc           14%        N/A       30%         2
 Gell's Gravitas          Tloc           7%         N/A       52%         3
 Lesser Beckoning         Tloc           7%         N/A       52%         3
 Teleport Other           Tloc           7%         N/A       52%         3
 Manifold Assault         Tloc           7%         N/A       99%         5

Inventory:

Hand Weapons
 c - a +0 whip
 Y - a +0 hand axe (weapon)
Armour
 e - a +0 ring mail of fire resistance (worn)
 f - a +0 chain mail
 i - a +0 pair of gloves (worn)
Jewellery
 h - a ring of willpower (left hand)
Potions
 a - a potion of brilliance {unknown}
 b - a potion of might {unknown}
 j - a potion of heal wounds {unknown}

Dungeon Overview and Level Annotations

Branches:
Dungeon (2/15)

Altars:

Shops:
D:1 !


Message History

1262 ||| Stepping ~*~*~tactically~*~*~ (stealth).
1263 ||| Stepping ~*~*~tactically~*~*~ (stealth).
You hit the hobgoblin. Your kick misses the hobgoblin.
The hobgoblin is heavily wounded.
The hobgoblin barely misses you.
You closely miss the hobgoblin. You claw the hobgoblin. You peck the hobgoblin.
You kill the hobgoblin! 3 gnolls and a kobold come into view.
The gnoll shouts! x3; The kobold shouts!
1274 ||| Stepping ~*~*~tactically~*~*~ (hiding).
1275 ||| Stepping ~*~*~tactically~*~*~ (hiding).
The gnoll barely misses you.
A rat comes into view.
The gnoll hits you with a +0 halberd. The gnoll closely misses you.
You hit the gnoll but do no damage. Your kick misses the gnoll.
You hit the kobold. You barely miss the gnoll. The kobold barely misses you.
The gnoll closely misses you. The gnoll hits you with a +0 spear.
You barely miss the kobold. You peck the kobold, but do no damage.
The kobold is moderately wounded.
You closely miss the gnoll. You hit the gnoll. The gnoll barely misses you.
The kobold closely misses you.
You hit the gnoll. Your kick misses the gnoll. You peck the gnoll.
The gnoll is heavily wounded.
You hit the gnoll. You hit the kobold.
You kill the kobold!
The gnoll hits you with a +0 spear. The gnoll hits you with a +0 halberd.
You hit the gnoll but do no damage.
The gnoll is heavily wounded.
You hit the gnoll. x2
The gnoll closely misses you. The gnoll misses you.
The gnoll barely misses you.
You closely miss the gnoll. Your kick misses the gnoll.
The gnoll is heavily wounded.
You closely miss the gnoll. You hit the gnoll.
The gnoll hits you with a +0 whip. The gnoll barely misses you. x2
You hit the gnoll. You peck the gnoll.
You kill the gnoll!
You closely miss the gnoll. You barely miss the gnoll.
The gnoll hits you with a +0 whip.
You die...

..# ..# ##..#
##### #... .#
.....##..#####
.#.......w.....#
......rgg)....#
.#.# #@)# ...
#..# #.# #..#
#######.####..##
........%......#
##.............#
#.####.#####..#
#.# #..##.#
#.### #..##.#


You could see 2 gnolls, a dart slug and a rat.

Vanquished Creatures
  A gnoll (D:2)
  A worm (D:2)
  A dart slug (D:2)
  A bat (D:1)
  3 endoplasms (D:1)
  4 giant cockroaches
  5 goblins
  4 hobgoblins
  5 jackals (D:1)
  2 quokkas (D:1)
  5 frilled lizards (D:1)
  6 kobolds
  5 rats
43 creatures vanquished.

Notes
Turn   | Place    | Note
-------+----------+-------------------------------------------
     0 | D:1      | qw the Tengu Warper began the quest for the Orb.
     0 | D:1      | Reached XP level 1. HP: 12/12 MP: 4/4
     0 | D:1      | 0 ||| qw: Version: 0.1-a-89-g26bdef1
     0 | D:1      | 0 ||| qw: Game counter: 2279
     0 | D:1      | 0 ||| qw: Always use a shield: true
     0 | D:1      | 0 ||| qw: God list: Okawaru
     0 | D:1      | 0 ||| qw: Allow faded altars: false
     0 | D:1      | 0 ||| qw: Do Orc after D:15 true
     0 | D:1      | 0 ||| qw: Do second Lair branch before Depths: true
     0 | D:1      | 0 ||| qw: Lair rune preference: random
     0 | D:1      | 0 ||| qw: Plans: Normal
     0 | D:1      | 0 ||| PLANNING D:1-11
   199 | D:1      | Reached XP level 2. HP: 17/17 MP: 6/6
   201 | D:1      | Reached skill level 3 in Axes
   212 | D:1      | 212 ||| Stepping ~*~*~tactically~*~*~ (stealth).
   222 | D:1      | 222 ||| Stepping ~*~*~tactically~*~*~ (stealth).
   437 | D:1      | 437 ||| Stepping ~*~*~tactically~*~*~ (stealth).
   479 | D:1      | Found Syheac's Distillery.
   487 | D:1      | 487 ||| SHOPLISTING potion of curing (36 gold, have 33).
   580 | D:1      | Reached XP level 3. HP: 21/21 MP: 7/7
   748 | D:1      | 748 ||| Stepping ~*~*~tactically~*~*~ (stealth).
   754 | D:1      | 754 ||| Stepping ~*~*~tactically~*~*~ (stealth).
   758 | D:1      | Reached skill level 4 in Axes
   905 | D:1      | 905 ||| UPGRADING to +0 ring mail of fire resistance.
   915 | D:1      | 915 ||| DROPPING +0 leather armour.
   916 | D:1      | 916 ||| UPGRADING to +0 pair of gloves.
   921 | D:1      | 921 ||| UPGRADING to ring of willpower.
   922 | D:1      | 922 ||| READING scroll labelled XIUSSA RUVOE.
   923 | D:1      | 923 ||| READING scroll labelled JUXOHO ARIRR.
   928 | D:1      | 928 ||| DROPPING scroll of blinking.
   952 | D:2      | 952 ||| Stepping ~*~*~tactically~*~*~ (stealth).
   954 | D:2      | 954 ||| Stepping ~*~*~tactically~*~*~ (stealth).
   956 | D:2      | 956 ||| Stepping ~*~*~tactically~*~*~ (stealth).
   988 | D:2      | 988 ||| Stepping ~*~*~tactically~*~*~ (stealth).
  1010 | D:2      | 1010 ||| Stepping ~*~*~tactically~*~*~ (stealth).
  1014 | D:2      | 1014 ||| Stepping ~*~*~tactically~*~*~ (stealth).
  1019 | D:2      | 1019 ||| FLEEEEING.
  1020 | D:2      | 1020 ||| FLEEEEING.
  1021 | D:2      | 1021 ||| FLEEEEING.
  1022 | D:2      | 1022 ||| FLEEEEING.
  1023 | D:2      | 1023 ||| FLEEEEING.
  1024 | D:2      | 1024 ||| FLEEEEING.
  1025 | D:2      | 1025 ||| FLEEEEING.
  1026 | D:2      | 1026 ||| FLEEEEING.
  1028 | D:2      | 1028 ||| FLEEEEING.
  1029 | D:2      | 1029 ||| FLEEEEING.
  1030 | D:2      | 1030 ||| FLEEEEING.
  1031 | D:2      | 1031 ||| FLEEEEING.
  1032 | D:2      | 1032 ||| FLEEEEING.
  1033 | D:2      | 1033 ||| FLEEEEING.
  1034 | D:2      | 1034 ||| FLEEEEING.
  1156 | D:2      | 1156 ||| DROPPING +0 club.
  1200 | D:2      | 1200 ||| Stepping ~*~*~tactically~*~*~ (hiding).
  1253 | D:2      | 1253 ||| Stepping ~*~*~tactically~*~*~ (stealth).
  1262 | D:2      | 1262 ||| Stepping ~*~*~tactically~*~*~ (stealth).
  1263 | D:2      | 1263 ||| Stepping ~*~*~tactically~*~*~ (stealth).
  1274 | D:2      | 1274 ||| Stepping ~*~*~tactically~*~*~ (hiding).
  1275 | D:2      | 1275 ||| Stepping ~*~*~tactically~*~*~ (hiding).
  1283 | D:2      | HP: 3/21 [gnoll/+0 whip (4)]
  1284 | D:2      | Slain by a gnoll

Levels and vault maps discovered:
D:1:      psy_arrival_statuary, layout_basic, serial_shops,
          nicolae_shop_statue_plus, minmay_hexomino_f4
D:2:      layout_loops_ring, shapermc_ecumenical_altar_mp_highgroup,
          serial_undead, serial_undead_f, serial_undead_c, serial_undead_d,
          serial_undead_f, hex_medium, uniq_crazy_yiuf_cottage, uniq_terence

Skill      XL: |  1  2  3 |
---------------+----------+-----
Axes           | 3 4 |  4.4
Fighting       | |  2.0
Throwing       | |  1.0
Armour         | |  1.1
Dodging        | |  2.1
Spellcasting   | |  2.0
Translocations | |  2.4

Action                   || total
-------------------------++-------
Melee: Hand axe          ||    87
       Kick              ||    33
       Peck              ||    11
       Punch             ||     1
Throw: Boomerang         ||     7
  Use: Scroll            ||     2
Armor: Leather armour    ||    23
       Ring mail         ||     7
Dodge: Dodged            ||    51

Table legend:
 A = Non-vault XP
 B = Vault XP
 C = Vault XP percentage of total XP
 D = Non-vault monster count
 E = Vault monster count
 F = Vault count percentage of total count
                 A         B        C        D         E       F
            +---------+---------+-------+---------+---------+-------
      Total |      80 |       8 |   9.1 |      39 |       4 |   9.3
            +---------+---------+-------+---------+---------+-------
        D:1 |      43 |       8 |  15.7 |      27 |       4 |  12.9
        D:2 |      37 |       0 |   0.0 |      12 |       0 |   0.0
            +---------+---------+-------+---------+---------+-------
